 Dungeon Crawl Stone Soup version 0.27-a0-1312-g5cdb2b3542 (webtiles) character file.

Game seed: 10631981081504006046

38471 BlueGoblin the Thaumaturge (level 14, -8/87 (90) HPs)
             Began as a Djinni Conjurer on June 20, 2021.
             Was a High Priest of Makhleb.
             Mangled by an orc warrior (27 damage)
             ... led by an orc knight
             ... on level 1 of the Orcish Mines.
             The game lasted 01:01:31 (14022 turns).

BlueGoblin the Thaumaturge (Djinni Conjurer)       Turns: 14022, Time: 01:01:31

HP:   -8/87 (90)    AC:  7    Str:  6    XL:     14   Next: 34%
Gold: 980           EV: 13    Int: 30    God:    Makhleb [*****.] SH:  0 Dex: 13

rFire    + + +     SeeInvis .   o - staff of fire
rCold    x . .     Faith    .   (no shield)
rNeg     . . .     Spirit   .   Q - +0 troll leather armour
rPois    ∞         Reflect  .   e - +0 helmet
rElec    .         Harm     .   (no cloak)
rCorr    .         Rampage  .   G - +1 pair of gloves
Will     +....                  (boots unavailable)
Stlth    +++.......             A - amulet of regeneration
HPRegen  3.24/turn              C - +6 ring of intelligence
MPRegen  0.00/turn              (no ring)

@: flying, hasted, lightly drained, very quick
A: sickness immunity, fire resistance 3, cold vulnerability 1, float, innate
caster, hp casting, extra vitality 1, regeneration 1
a: Renounce Religion, Minor Destruction, Lesser Servant of Makhleb, Major
Destruction, Greater Servant of Makhleb


You were on level 1 of the Orcish Mines.
You worshipped Makhleb.
Makhleb was extremely pleased with you.
You visited 3 branches of the dungeon, and saw 13 of its levels.

You collected 1204 gold pieces.
You spent 224 gold pieces at shops.

Inventory:

Hand Weapons
 a - a +1 vampiric scimitar
 b - a +2 falchion of protection
 B - a +0 dagger of holy wrath
 S - a +3 rapier
 V - a +3 arbalest of flaming
Missiles
 c - 5 throwing nets
 r - 402 stones
 N - 5 atropa-tipped darts
Armour
 d - a +0 leather armour
 e - a +0 helmet (worn)
 g - a +0 scale mail
 j - a +0 chain mail
 w - a +0 robe
 G - a +1 pair of gloves (worn)
 M - a +0 plate armour
 Q - a +0 troll leather armour (worn)
Magical Staves
 n - a staff of air
 o - a staff of fire (weapon)
Jewellery
 s - an amulet of reflection
 v - an amulet of the acrobat
 A - an amulet of regeneration (around neck)
 C - a +6 ring of intelligence (left hand)
 J - an amulet of faith
Wands
 y - a wand of digging (4)
 P - a wand of flame (18)
Scrolls
 k - a scroll of fear {unknown}
 p - 5 scrolls of identify
 z - a scroll of brand weapon {unknown}
 D - a scroll of teleportation
 H - 3 scrolls of amnesia {unknown}
 I - 3 scrolls of enchant weapon
 K - a scroll of vulnerability {unknown}
 L - 3 scrolls of noise {unknown}
 U - a scroll of fog
Potions
 f - 2 potions of might
 h - a potion of ambrosia {unknown}
 i - a potion of attraction {unknown}
 l - a potion of mutation
 m - 3 potions of brilliance
 q - 2 potions of flight {unknown}
 x - a potion of cancellation
 E - a potion of degeneration {unknown}
 O - 2 potions of curing
 T - a potion of lignification
Miscellaneous
 t - a lightning rod (4/4)
 F - a piece from Xom's chessboard (15/15)


   Skills:
 + Level 4.8 Fighting
 + Level 2.7(3.4) Short Blades
 + Level 3.0(3.5) Long Blades
 + Level 3.4 Armour
 + Level 6.4 Dodging
 + Level 6.2 Stealth
 + Level 0.2 Shields
 + Level 13.8 Spellcasting
 + Level 10.2 Invocations
 + Level 3.2 Evocations


You had 8 spell levels left.
You knew the following spells:

 Your Spells              Type           Power      Damage    Failure   Level
a - Fireball              Conj/Fire      50%        3d20      1%          5
b - Searing Ray           Conj           100%       3d7       1%          2
c - Iskenderun's Battles  Conj           80%        2d13      1%          5
d - Fulminant Prism       Conj/Hex       40%        3d20      1%          4
e - Iskenderun's Mystic   Conj/Tloc      80%        2d16      1%          4
f - Sandblast             Erth           100%       2d20      0%          1
g - Static Discharge      Conj/Air       80%        N/A       1%          2
h - Wereblood             Tmut           80%        N/A       1%          2
i - Confusing Touch       Hex            80%        N/A       1%          3
j - Magic Dart            Conj           100%       1d8       0%          1
k - Dazzling Flash        Conj/Hex       100%       N/A       1%          3
Your spell library was empty.

Dungeon Overview and Level Annotations

Branches:
Dungeon (10/15)            Temple (0/1) D:6            Lair (0/6) D:10
    Orc (2/2) D:10            Elf (1/3) Orc:2

Altars:
Ashenzari
Cheibriados
Fedhas
Gozag
Hepliaklqana
Makhleb
Okawaru
Qazlal
Ru
Uskayaw
Xom
Yredelemnul
Zin

Shops:
D:8 =   D:9 *   Orc:2 **(=

Annotations:
D:9 3 runed translucent doors, 27snakeeyes612's ghost, journeyman MiBe
D:10 2 transporters, Leszczynek's ghost, journeyman HuBe
Orc:1 exclusion: downstairs
Elf:1 3 runed translucent doors


Innate Abilities, Weirdness & Mutations

You are immune to sickness and miasma.
You are immune to poison.
Your flesh is almost immune to the effects of heat. (rF+++)
You are vulnerable to cold. (rC-)
You float through the air rather than walking.
You learn spells naturally, not from books.
Your magical power is your life essence.
You have superior vitality. (+4 HP)
Your natural rate of healing is unusually fast.


Message History

The chaos spawn completely misses you. The ynoxinul completely misses you.
The ogre hits you with a +0 giant club. The orc barely misses you.
The orc sorcerer hits you with a +1 dagger of speed.
The ice devil misses you. The orc knight misses you.
You hit the chaos spawn.
The chaos spawn is almost dead.
The chaos spawn barely misses you. The ynoxinul misses you.
The orc sorcerer hits you with a +1 dagger of speed!
The orc closely misses you. The ice devil hits you. The ice devil freezes you!!
You feel a terrible chill!
* * * LOW HITPOINT WARNING * * *
The ogre closely misses you. The orc knight barely misses you.
The orc sorcerer closely misses you.
Okay, then.
Unknown command.
Blink to where?
Press: ? - help, Dir - move target
As you read the scroll of blinking, it crumbles to dust.
A warg comes into view.
The warg bites you!
* * * LOW HITPOINT WARNING * * *
The orc sorcerer jeers loudly.
Found 26 gold pieces.
The warg bites you!
* * * LOW HITPOINT WARNING * * *
Casting: Iskenderun's Battlesphere (mildly dangerous; 1% risk of failure)
Confirm with . or Enter, or press ? or * to list all spells.
Okay, then.
You feel better.
The ynoxinul gestures.
The warg bites you.
* * * LOW HITPOINT WARNING * * *
Casting: Iskenderun's Battlesphere (mildly dangerous; 1% risk of failure)
Confirm with . or Enter, or press ? or * to list all spells.
Okay, then.
Okay, then.
You feel yourself speed up. The warg barely misses you.
The ynoxinul gestures.
The orc warrior hits you with a +1 dire flail of pain!!
You die...

## .### .#.## ##
....## ##.#
...#.#.
##...#.......
##$.......# .
#.....@..# ...
##...oh#.#.....
#.........$.....
##....4.........
##.#.O.o4...#...
#.$.#.o..5......
##.#...o.5.$..#.
#.....).3.†.....
##....[.[.......


You could see an orc knight, an ice devil (summoned), a ynoxinul (summoned), a
chaos spawn (summoned), a warg, an orc sorcerer (strong), an orc warrior
(strong), an ogre, an orc (strong) and 2 ufetubi.

Vanquished Creatures
  Jorgrun (Orc:2)
  2 deep elf demonologists (Elf:1)
  A deep elf high priest (Elf:1)
  Harold (D:8)
  Erolcha (D:9)
  A two-headed ogre (D:10)
  3 dancing weapons (Elf:1)
  4 orc high priests
  4 deep elf knights (Elf:1)
  A sea snake (shapeshifter) (Elf:1)
  5 orc knights
  4 deep elf archers (Elf:1)
  7 deep elf pyromancers (Elf:1)
  11 deep elf zephyrmancers (Elf:1)
  5 orc sorcerers
  2 trolls (Orc:1)
  An air elemental (Elf:1)
  A shadow (D:10)
  9 yaks
  2 water elementals (Elf:1)
  A wyvern (D:8)
  Eustachio (D:4)
  3 vampire mosquitoes (D:10)
  5 wargs
  An acid dragon (D:8)
  A water moccasin (D:10)
  4 black bears
  24 orc warriors
  A sky beast (D:6)
  3 necrophages
  6 ogres
  3 centaurs
  3 kobold brigands
  6 bullfrogs
  A wyvern zombie (D:8)
  3 scorpions
  A water moccasin zombie (D:7)
  A jelly (D:7)
  A water moccasin skeleton (D:5)
  6 killer bees (D:8)
  8 wights
  3 howler monkeys (D:7)
  2 bullfrog zombies (D:5)
  2 centaur zombies
  15 orc priests
  4 hounds
  A bullfrog skeleton (D:5)
  A centaur skeleton (D:5)
  A gnoll shaman (D:9)
  An iguana (D:7)
  22 orc wizards
  A hound skeleton (D:4)
  Robin (D:2)
  A howler monkey zombie (D:7)
  7 gnolls
  4 adders
  An ufetubus (D:6)
  An adder skeleton (D:4)
  A worm (D:3)
  2 dart slugs (D:4)
  95 orcs
  8 endoplasms
  3 giant cockroaches
  19 goblins
  4 hobgoblins
  5 quokkas
  2 ball pythons
  3 bats
  25 kobolds
  3 rats
  2 butterflies (D:6)
389 creatures vanquished.

Vanquished Creatures (others)
  21 fulminant prisms
  14 fungi (D:10)
  19 plants (D:10)
54 creatures vanquished.

Grand Total: 443 creatures vanquished

Notes
Turn   | Place    | Note
-------+----------+-------------------------------------------
     0 | D:1      | BlueGoblin the Djinni Conjurer began the quest for the Orb.
     0 | D:1      | Reached XP level 1. HP: 15/15 MP: 0/0
   315 | D:1      | Reached XP level 2. HP: 17/21 MP: 0/0
  1391 | D:2      | Noticed Robin
  1413 | D:2      | Reached XP level 3. HP: 21/25 MP: 0/0
  1413 | D:2      | Learned a level 1 spell: Sandblast
  1785 | D:2      | Killed Robin
  1786 | D:2      | Reached skill level 4 in Spellcasting
  2049 | D:3      | Found a large runed translucent door.
  2050 | D:3      | Found a large runed translucent door.
  2050 | D:3      | Found a shimmering altar of Xom.
  2058 | D:3      | Reached XP level 4. HP: 28/31 MP: 0/0
  2869 | D:3      | Found a faded altar of an unknown god.
  3407 | D:3      | Found a stormy altar of Qazlal.
  3419 | D:3      | Found an iron altar of Okawaru.
  3419 | D:3      | Found a hazy altar of Hepliaklqana.
  3448 | D:3      | Found a sacrificial altar of Ru.
  3452 | D:3      | Found a burning altar of Makhleb.
  3783 | D:3      | Found a snail-covered altar of Cheibriados.
  3825 | D:3      | Reached XP level 5. HP: 33/35 MP: 0/0
  3825 | D:3      | Learned a level 2 spell: Static Discharge
  4107 | D:3      | Became a worshipper of Makhleb the Destroyer
  4161 | D:4      | Found a broken altar of Ashenzari.
  4558 | D:4      | Identified the +1 spear "Esuucy" {venom, rElec rC- rN++
                  | Int+4}
  4575 | D:4      | Noticed a bullfrog
  4579 | D:4      | Killed a bullfrog
  4596 | D:4      | Reached XP level 6. HP: 20/41 MP: 0/0
  4941 | D:4      | Reached skill level 5 in Spellcasting
  5354 | D:4      | Noticed Eustachio
  5373 | D:4      | Killed Eustachio
  5374 | D:4      | Reached skill level 1 in Fighting
  5374 | D:4      | Reached skill level 1 in Armour
  5374 | D:4      | Reached XP level 7. HP: 27/47 MP: 0/0
  5374 | D:4      | Learned a level 2 spell: Wereblood
  5470 | D:4      | Reached * piety under Makhleb
  5471 | D:4      | Reached skill level 1 in Short Blades
  5933 | D:5      | Entered Level 5 of the Dungeon
  5961 | D:5      | Found an opulent altar of Gozag.
  6010 | D:5      | Found a basalt altar of Yredelemnul.
  6211 | D:5      | Found a glowing silver altar of Zin.
  6288 | D:5      | Reached XP level 8. HP: 54/54 MP: 0/0
  6776 | D:6      | Reached skill level 6 in Spellcasting
  6907 | D:6      | Found a staircase to the Ecumenical Temple.
  6959 | D:6      | Found a shimmering altar of Xom.
  7080 | D:6      | Reached skill level 1 in Evocations
  7599 | D:7      | Reached XP level 9. HP: 50/59 MP: 0/0
  7599 | D:7      | Learned a level 3 spell: Confusing Touch
  7793 | D:7      | Reached skill level 7 in Spellcasting
  7793 | D:7      | Reached ** piety under Makhleb
  7794 | D:7      | Reached skill level 5 in Stealth
  7797 | D:7      | Reached skill level 5 in Dodging
  7990 | D:7      | Found a hide-covered altar of Uskayaw.
  8501 | D:8      | Found a blossoming altar of Fedhas.
  8536 | D:8      | Reached skill level 1 in Invocations
  8585 | D:8      | Noticed Harold
  8594 | D:8      | Gained mutation: Your flesh is almost immune to the effects
                  | of heat. (rF+++) [potion of mutation]
  8594 | D:8      | Gained mutation: Your natural rate of healing is unusually
                  | fast. [potion of mutation]
  8596 | D:8      | Killed Harold
  8597 | D:8      | Reached skill level 1 in Long Blades
  8597 | D:8      | Reached XP level 10. HP: 16/67 MP: 0/0
  9189 | D:8      | Reached skill level 8 in Spellcasting
  9202 | D:8      | Reached *** piety under Makhleb
  9334 | D:8      | Found Ves Aki's Jewellery Shoppe.
  9737 | D:9      | Noticed Erolcha
  9766 | D:9      | Killed Erolcha
  9767 | D:9      | Reached skill level 5 in Invocations
  9823 | D:9      | Found a runed translucent gate.
  9823 | D:9      | Found a runed translucent gate.
  9824 | D:9      | Found a runed translucent gate.
  9825 | D:9      | Noticed a cyclops
  9827 | D:9      | Noticed 27snakeeyes612's ghost (journeyman MiBe)
  9827 | D:9      | Noticed a seven-headed hydra
 10144 | D:9      | Reached XP level 11. HP: 73/73 MP: 0/0
 10144 | D:9      | Learned a level 5 spell: Fireball
 10213 | D:9      | Found Neg Xox's General Store.
 10690 | D:10     | Entered Level 10 of the Dungeon
 10708 | D:10     | Reached **** piety under Makhleb
 10723 | D:10     | Found a staircase to the Lair.
 10727 | D:10     | Noticed a two-headed ogre
 10744 | D:10     | Killed a two-headed ogre
 10745 | D:10     | Reached skill level 9 in Spellcasting
 10884 | D:10     | Found a transporter.
 11015 | D:10     | Found a transporter.
 11016 | D:10     | Noticed Leszczynek's ghost (journeyman HuBe)
 11419 | D:10     | Found a staircase to the Orcish Mines.
 11659 | Orc:1    | Entered Level 1 of the Orcish Mines
 11659 | Orc:1    | Noticed an orc knight
 11670 | Orc:1    | Killed an orc knight
 11699 | Orc:1    | Noticed an orc sorcerer
 11704 | Orc:1    | Killed an orc sorcerer
 11936 | Orc:2    | Entered Level 2 of the Orcish Mines
 11936 | Orc:2    | Found a staircase to the Elven Halls.
 11956 | Orc:2    | Reached XP level 12. HP: 77/79 MP: 0/0
 12088 | Orc:2    | Noticed an orc high priest
 12093 | Orc:2    | Noticed a sun demon
 12097 | Orc:2    | Reached skill level 10 in Spellcasting
 12102 | Orc:2    | Killed an orc high priest
 12104 | Orc:2    | Noticed an orc high priest
 12108 | Orc:2    | Noticed an orc high priest
 12111 | Orc:2    | Killed an orc high priest
 12114 | Orc:2    | Killed an orc high priest
 12115 | Orc:2    | Reached ***** piety under Makhleb
 12119 | Orc:2    | Reached skill level 11 in Spellcasting
 12140 | Orc:2    | Found Dyppashre's Jewellery Boutique.
 12144 | Orc:2    | Found Waoph's General Store.
 12186 | Orc:2    | Found Xuowa's Antique Weapon Boutique.
 12191 | Orc:2    | Found Notiom's General Store.
 12198 | Orc:2    | Bought a potion of haste for 140 gold pieces
 12198 | Orc:2    | Bought 2 potions of curing for 84 gold pieces
 12433 | Orc:2    | Noticed Jorgrun
 12442 | Orc:2    | Killed Jorgrun
 12443 | Orc:2    | Reached XP level 13. HP: 38/85 MP: 0/0
 12443 | Orc:2    | Learned a level 5 spell: Iskenderun's Battlesphere
 12884 | Elf:1    | Entered Level 1 of the Elven Halls
 12896 | Elf:1    | Reached skill level 12 in Spellcasting
 13782 | Elf:1    | Noticed a deep elf demonologist
 13789 | Elf:1    | Reached skill level 13 in Spellcasting
 13793 | Elf:1    | Killed a deep elf demonologist
 13794 | Elf:1    | Reached XP level 14. HP: 84/90 MP: 0/0
 13798 | Elf:1    | Reached skill level 10 in Invocations
 13799 | Elf:1    | Noticed a deep elf demonologist
 13801 | Elf:1    | Killed a deep elf demonologist
 13809 | Elf:1    | Found a runed translucent gate.
 13809 | Elf:1    | Found a runed translucent gate.
 13809 | Elf:1    | Found a runed translucent gate.
 13809 | Elf:1    | Found a runed translucent gate.
 13809 | Elf:1    | Found a runed translucent gate.
 13810 | Elf:1    | Found a runed translucent gate.
 13811 | Elf:1    | Noticed an iron dragon
 13812 | Elf:1    | Noticed an iron dragon
 14022 | Orc:1    | Mangled by an orc warrior

Illustrated notes

Levels and vault maps discovered:
D:1:      lightli_molten_gateway, layout_basic
D:2:      layout_rooms, uniq_robin
D:3:      due_chaos_kobolds, layout_loops_corners, cheibriados_altar_1,
          minmay_overflow_temple_star_hex, basic_ecumenical_altar
D:4:      layout_loops_ring, kennysheep_mini_moat, chequers_arboretum,
          uniq_eustachio
D:5:      layout_loops_ring, pdpol_temple_overflow_zin_treasury_gozag_greed,
          general_overflow_altar
D:6:      layout_loops_corners, xom_butterflies,
          minmay_temple_entry_gardened_gates
D:7:      layout_basic, lemuel_doored_altar
D:8:      layout_loops_ring, fedhas_bush_and_centaur_altar, serial_shops,
          nicolae_inconvenience_store, uniq_harold
D:9:      layout_roguey [special_room_orc], serial_shops, shop_statue,
          gammafunk_ghost_split, uniq_erolcha
D:10:     layout_basic, due_lair_maze_entry_diamond, gammafunk_ghost_mausoleum
Orc:1:    layout_caves
Orc:2:    st_orc_elflike, layout_diamond_mine, nicolae_orc_pool_cavern,
          uniq_jorgrun
Elf:1:    minmay_elf_arrival_circle, layout_geoelf_octagon, orc_legates,
          amcnicky_mini_pool_small, eino_tiny_chamber, grunt_ministairs_13

Skill      XL: |  1  2  3  4  5  6  7  8  9 10 11 12 13 14 |
---------------+-------------------------------------------+-----
Spellcasting   | 4 5 6 7 8 9 11 13 | 13.8
Stealth        | 2 3 4 5 6 |  6.2
Fighting       | 1 2 3 4 |  4.8
Armour         | 1 2 3 |  3.4
Dodging        | 3 4 5 6 |  6.4
Short Blades   | 1 2 |  2.7
Evocations     | 1 3 |  3.2
Invocations    | 2 6 8 9 10 | 10.2
Long Blades    | 1 2 3 |  3.0
Shields        | |  0.2

Action                   |  1- 3 |  4- 6 |  7- 9 | 10-12 | 13-15 || total
-------------------------+-------+-------+-------+-------+-------++-------
Melee: Short sword       |       |    14 |    20 |       |       ||    34
       Scimitar          |       |       |    13 |       |       ||    13
       Staff             |       |       |       |       |     2 ||     2
 Cast: Magic Dart        |    29 |    13 |     1 |     2 |       ||    45
       Searing Ray       |    13 |    30 |    39 |    10 |       ||    92
       Fulminant Prism   |       |     1 |     7 |    13 |       ||    21
       Iskenderun's Myst |       |       |     8 |    57 |    15 ||    80
       Confusing Touch   |       |       |     2 |       |       ||     2
       Sandblast         |       |       |     2 |       |       ||     2
       Static Discharge  |       |       |     1 |       |       ||     1
       Fireball          |       |       |       |   110 |    63 ||   173
       Iskenderun's Batt |       |       |       |       |     9 ||     9
Invok: Minor Destruction |       |       |    14 |    32 |       ||    46
       Lesser Servant of |       |       |       |     1 |       ||     1
       Major Destruction |       |       |       |     4 |       ||     4
Evoke: Piece from Xom's  |       |       |    14 |       |       ||    14
  Use: Scroll            |     2 |       |     5 |       |     2 ||     9
       Potion            |     1 |     6 |     4 |       |     2 ||    13
 Stab: Sleeping          |       |     2 |     1 |       |       ||     3
       Petrified         |       |       |     1 |       |       ||     1
       Paralysed         |       |       |     2 |       |       ||     2
       Confused          |       |       |     1 |       |       ||     1
       Petrifying        |       |       |     1 |       |       ||     1
Armor: Robe              |       |     1 |    14 |     3 |       ||    18
       Troll leather arm |       |       |       |     2 |     2 ||     4
Dodge: Dodged            |     8 |    13 |    45 |    20 |    30 ||   116
Block: Other             |       |     3 |       |       |       ||     3
       Rpst.: Scimitar   |       |       |     3 |     3 |     1 ||     7

Table legend: (Time is in decaauts)
 A = Elapsed time spent in this place.
 B = Non-inter-level travel time spent in this place.
 C = Inter-level travel time spent in this place.
 D = Time resting spent in this place.
 E = Time spent auto-exploring this place.
 F = Levels seen in this place.
 G = Mean time per level.
                   A        B        C        D        E       F      G
               +--------+--------+--------+--------+--------+-----+--------+
         Total |  14026 |  13438 |    588 |   3210 |   7287 |  13 | 1078.9 |
       Dungeon |  11662 |  11081 |    581 |   2852 |   6042 |  10 | 1166.2 |
  Orcish Mines |   1266 |   1259 |      7 |     23 |    891 |   2 |  633.0 |
   Elven Halls |   1097 |   1097 |      0 |    335 |    354 |   1 | 1097.0 |
               +--------+--------+--------+--------+--------+-----+--------+

Top non-repeatable levels by time:
     D:3: 2150 daAuts
     D:4: 1462 daAuts
     D:1: 1300 daAuts
     D:8: 1233 daAuts
   Elf:1: 1097 daAuts
     D:9: 1047 daAuts
     D:2: 1024 daAuts
   Orc:2: 971 daAuts
    D:10: 968 daAuts
     D:6: 912 daAuts
     D:7: 813 daAuts
     D:5: 748 daAuts
   Orc:1: 295 daAuts
